 Dungeon Sprint DCSS version 0.19.1-1-g22dce08 (webtiles) character file.

17690 dvd the Shatterer (level 12, -8/158 HPs)
             Began as an Ogre Berserker on Jan 6, 2017.
             Was an Elder of Trog.
             Hit by a javelin of penetration thrown by a merfolk javelineer (23 damage)
             ... in the Dungeon (Sprint III: "The Ten Rune Challenge").
             The game lasted 00:17:50 (3290 turns).

dvd the Shatterer (Ogre Berserker)                  Turns: 3290, Time: 00:17:50

Health: -8/158     AC:  5    Str: 23    XL:     12   Next: 50%
Magic:  12/12      EV: 17    Int:  6    God:    Trog [****..]
Gold:   3406       SH:  0    Dex: 13    Spells: 0 memorised, 11 levels left

rFire  . . .     SeeInvis .     a - +7 giant spiked club "Zualais" {crush, rElec Stlth+}
rCold  . . .     Gourm    .     b - +0 animal skin
rNeg   . . .     Faith    .     (shield currently unavailable)
rPois  .         Spirit   .     I - +1 hat
rElec  +         Reflect  .     u - +0 cloak
rCorr  .         Harm     .     (gloves unavailable)
MR     +++..     NoTele   +     (boots unavailable)
Stlth  ++++......               (no amulet)
                                (no ring)
                                (no ring)

@: regenerating
A: unfitting armour, mutation resistance 1, electricity resistance, slow
regeneration 1, tough skin 1, weak 1, sturdy frame 1
a: Berserk, Trog's Hand, Brothers in Arms, Burn Spellbooks, Renounce Religion


You were in the Dungeon.
You worshipped Trog.
Trog was greatly pleased with you.
You were hungry.

You visited 1 branch You collected 3406 gold pieces.

Inventory:

Hand Weapons
 a - the +7 giant spiked club "Zualais" (weapon) {crush, rElec Stlth+}
   (Trog gifted it to you in the Dungeon)

   It inflicts extra damage upon your enemies.
   It insulates you from electricity.
   It makes you more stealthy.
 l - the +9 giant club of the Jolly Moons {freeze, *Corrode Dex+5}
   (Trog gifted it to you in the Dungeon)

   It has been specially enchanted to freeze those struck by it, causing extra
   injury to most foes and up to half again as much damage against particularly
   susceptible opponents.
   It can also slow down cold-blooded creatures.
   It affects your dexterity (+5).
   It may corrode you when you take damage.
 m - a +1 long sword of holy wrath
 v - a +3 hunting sling of velocity
 w - a +3 antimagic flail
 x - a +3 antimagic trident
 z - a +5 great sword of slicing
 A - a +7 antimagic giant club
 B - the +3 giant spiked club "Cahaw" {crush, Str+3}
   (Trog gifted it to you in the Dungeon)

   It inflicts extra damage upon your enemies.
   It affects your strength (+3).
 C - a +4 antimagic great mace
Missiles
 y - 3 tomahawks (quivered)
Armour
 b - a +0 animal skin (worn)
 u - a +0 cloak (worn)
 I - a +1 hat (worn)
Wands
 j - a wand of digging (7/24)
Scrolls
 i - a scroll of blinking
 o - 4 scrolls of identify
 p - 4 scrolls of remove curse
Potions
 d - a potion of curing
 e - a potion of heal wounds
 f - a potion of haste
 g - 2 potions of magic
 h - 2 potions of berserk rage
 r - 2 potions of cure mutation
 s - 6 potions of flight
 H - a potion of degeneration {unknown}
Comestibles
 c - 2 bread rations
 q - 30 royal jellies


   Skills:
 + Level 20.7 Fighting
 + Level 24.5 Maces & Flails
 + Level 2.1 Throwing
 + Level 13.2 Dodging
 + Level 5.7 Stealth


You had 11 spell levels left.
You didn't know any spells.

Dungeon Overview and Level Annotations

Branches:
Dungeon (1/1)

Altars:
Cheibriados
Dithmenos
Elyvilon
Fedhas
Gozag
Hepliaklqana
Kikubaaqudgha
Makhleb
Nemelex Xobeh
Okawaru
Qazlal
Ru
Sif Muna
Trog
Uskayaw
Vehumet
Xom
Yredelemnul
Zin
The Shining One
Beogh
Jiyva
Lugonu

Shops:
D !(}}


Innate Abilities, Weirdness & Mutations

You are too large for most types of armour.
You have tough skin. (AC +1)
You are somewhat resistant to further mutation.
You are resistant to electric shocks. (rElec)
You regenerate slowly when monsters are visible.
You are weak. (Str -2)
Your movements are slightly less encumbered by armour. (ER -2)


Message History

The javelin of penetration barely misses you.
Unknown command.
The merfolk javelineer throws a javelin of penetration.
The javelin of penetration pierces through your ogre!
The javelin of penetration pierces through you!
* * * LOW HITPOINT WARNING * * *
You hear a splash.
Unknown command.
You enter the shallow water.
Moving in this stuff is going to be slow.
The merfolk javelineer throws a javelin of penetration.
The javelin of penetration completely misses your deep troll.
The javelin of penetration pierces through you!
* * * LOW HITPOINT WARNING * * *
You hear a splash.
Your ogre rages.
The merfolk javelineer throws a javelin of penetration.
The javelin of penetration pierces through your deep troll!
The javelin of penetration pierces through you!!
You die...

..........♣
...########♣♣
≈.........PP♣
≈≈P..PP.().)♣
########(############
▓(≈≈≈≈≈≈≈≈≈≈≈▓
▓≈≈≈≈≈≈≈≈≈≈≈≈▓
▓≈≈≈..≈≈≈≈≈(.▓
▓≈≈....≈≈@.((▓
▓≈≈≈..≈≈≈≈≈..▓
▓≈≈≈≈≈≈≈≈≈≈..▓
▓≈≈≈≈≈≈≈≈≈≈O(▓
▓..≈≈≈≈≈≈≈T≈≈▓
▓...≈≈≈≈≈≈≈≈≈▓
▓....≈≈≈≈≈≈m.▓
▓...≈≈≈≈≈≈≈.∩▓
≈≈≈≈≈≈.∩▓


You could see a merfolk javelineer, a friendly deep troll (berserk) and a
friendly ogre (berserk).

Vanquished Creatures
  Rupert (D)
  Polyphemus (D)
  Snorg (D)
  A centaur warrior (D)
  2 death yaks (D)
  An unseen horror (D)
  A sea snake (D)
  A deep elf mage (D)
  An elephant (D)
  2 black mambas (D)
  A komodo dragon (D)
  2 spiny frogs (D)
  A rime drake (D)
  5 blink frogs (D)
  A dream sheep (D)
  3 wandering mushrooms (D)
  A shadow (D)
  A spatial vortex (D)
  A swamp drake (D)
  A necrophage (D)
  2 centaurs (D)
  An earth elemental (D)
  A water elemental (D)
  25 killer bees (D)
  A jelly (D)
  An orc wizard (D)
  A wizard (D)
  Jessica (D)
  A necromancer (D)
  A kobold demonologist (D)
  3 humans (D)
  A phantom (D)
  An orc (D)
  3 rats (D)
  A plant (D)
73 creatures vanquished.

Vanquished Creatures (collateral kills)
  Gastronok (D)
  Ilsuiw (D)
  2 dire elephants (D)
  2 death yaks (D)
  2 orc sorcerers (D)
  An elephant (D)
  A queen bee (D)
  2 dream sheep (D)
  3 blink frogs (D)
  An orc warrior (D)
  7 killer bees (D)
  4 orc priests (D)
  3 orc wizards (D)
  6 orcs (D)
36 creatures vanquished.

Vanquished Creatures (others)
  2 draconian scorchers (D)
  6 hellions (D)
  2 yaktaurs (D)
  8 plants (D)
18 creatures vanquished.

Grand Total: 127 creatures vanquished

Notes
Turn   | Place    | Note
-------+----------+-------------------------------------------
     0 | D        | dvd the Ogre Berserker began the quest for the Orb.
     0 | D        | Reached XP level 1. HP: 24/24 MP: 1/1
    30 | D        | Noticed Jessica
    36 | D        | Killed Jessica
    36 | D        | Reached ** piety under Trog
    36 | D        | Reached skill level 6 in Maces & Flails
    36 | D        | Reached XP level 2. HP: 36/36 MP: 2/2
    36 | D        | Reached XP level 3. HP: 44/44 MP: 3/3
    94 | D        | Reached *** piety under Trog
   101 | D        | Killed a hellion
   102 | D        | Killed a hellion
   102 | D        | Killed a hellion
   102 | D        | Killed a hellion
   104 | D        | Killed a hellion
   107 | D        | Gained mutation: Your movements are slightly less encumbered by armour. (ER -2) [potion of mutation]
   107 | D        | Gained mutation: You regenerate slowly when monsters are visible. [potion of mutation]
   107 | D        | Gained mutation: You are weak. (Str -2) [potion of mutation]
   108 | D        | Gained mutation: You are resistant to electric shocks. (rElec) [potion of mutation]
   108 | D        | Gained mutation: You are somewhat resistant to further mutation. [potion of mutation]
   133 | D        | Noticed a water elemental
   138 | D        | Killed a water elemental
   138 | D        | Reached skill level 8 in Maces & Flails
   138 | D        | Reached skill level 5 in Dodging
   138 | D        | Reached XP level 4. HP: 51/57 MP: 4/4
   168 | D        | Killed a yaktaur
   193 | D        | Killed a white draconian scorcher
   195 | D        | Killed a white draconian scorcher
   246 | D        | Found a radiant altar of Vehumet.
   246 | D        | Found a deep blue altar of Sif Muna.
   246 | D        | Found an ancient bone altar of Kikubaaqudgha.
   246 | D        | Noticed a wizard
   252 | D        | Killed a wizard
   252 | D        | Reached skill level 9 in Maces & Flails
   252 | D        | Reached XP level 5. HP: 66/66 MP: 5/5
   255 | D        | Reached **** piety under Trog
   268 | D        | Killed a hellion
   290 | D        | Found a glowing silver altar of Zin.
   290 | D        | Found a glowing golden altar of the Shining One.
   290 | D        | Found a white marble altar of Elyvilon.
   291 | D        | Noticed a deep elf mage
   314 | D        | Killed a deep elf mage
   314 | D        | Reached ***** piety under Trog
   314 | D        | Reached skill level 12 in Maces & Flails
   314 | D        | Reached XP level 6. HP: 61/81 MP: 6/6
   314 | D        | Reached XP level 7. HP: 68/89 MP: 7/7
   400 | D        | Found a hide-covered altar of Uskayaw.
   400 | D        | Found a roughly hewn altar of Beogh.
   400 | D        | Found an iron altar of Okawaru.
   400 | D        | Found a bloodstained altar of Trog.
   400 | D        | Noticed a human
   402 | D        | Noticed a human
   408 | D        | Killed a human
   408 | D        | Reached skill level 13 in Maces & Flails
   413 | D        | Killed a human
   459 | D        | Found a basalt altar of Yredelemnul.
   459 | D        | Found a shadowy altar of Dithmenos.
   459 | D        | Found a sacrificial altar of Ru.
   463 | D        | Reached XP level 8. HP: 99/101 MP: 8/8
   473 | D        | Received a gift from Trog
   473 | D        | Reached skill level 14 in Maces & Flails
   508 | D        | Noticed a shadow
   512 | D        | Killed a shadow
   556 | D        | Found a blossoming altar of Fedhas.
   556 | D        | Found a stormy altar of Qazlal.
   559 | D        | Found a snail-covered altar of Cheibriados.
   559 | D        | Found a burning altar of Makhleb.
   559 | D        | Found a hazy altar of Hepliaklqana.
   559 | D        | Found a shimmering altar of Xom.
   559 | D        | Found an opulent altar of Gozag.
   559 | D        | Found a sparkling altar of Nemelex Xobeh.
   559 | D        | Found a corrupted altar of Lugonu.
   559 | D        | Found a viscous altar of Jiyva.
   587 | D        | Noticed Snorg
   601 | D        | Killed Snorg
   601 | D        | Reached skill level 16 in Maces & Flails
   601 | D        | Reached skill level 10 in Dodging
   601 | D        | Reached skill level 1 in Stealth
   601 | D        | Reached XP level 9. HP: 113/113 MP: 9/9
   642 | D        | Found Epli's Gadget Shoppe.
   646 | D        | Noticed an orc sorcerer
   648 | D        | Killed an orc sorcerer
   648 | D        | Reached skill level 15 in Fighting
   651 | D        | Noticed an orc sorcerer
   653 | D        | Received a gift from Trog
   656 | D        | Killed an orc sorcerer
   661 | D        | Received a gift from Trog
   664 | D        | Reached ****** piety under Trog
   666 | D        | Received a gift from Trog
   678 | D        | Got a jewelled giant club {god gift}
   679 | D        | Identified the +9 giant club of the Jolly Moons {freeze, *Corrode Dex+5} (Trog gifted it to you in the Dungeon)
   789 | D        | Reached skill level 17 in Maces & Flails
   839 | D        | Noticed a centaur warrior
   847 | D        | Killed a centaur warrior
   847 | D        | Reached XP level 10. HP: 126/126 MP: 10/10
   849 | D        | Received a gift from Trog
   932 | D        | Killed an unseen horror
   932 | D        | Reached skill level 18 in Maces & Flails
  1047 | D        | Received a gift from Trog
  1060 | D        | Received a gift from Trog
  1087 | D        | Reached skill level 19 in Maces & Flails
  1095 | D        | Received a gift from Trog
  1096 | D        | Got a crude giant spiked club {god gift}
  1102 | D        | Identified the +7 giant spiked club "Zualais" {crush, rElec Stlth+} (Trog gifted it to you in the Dungeon)
  1104 | D        | Got an encrusted giant spiked club {god gift}
  1105 | D        | Identified the +3 giant spiked club "Cahaw" {crush, Str+3} (Trog gifted it to you in the Dungeon)
  1631 | D        | Noticed a spiny frog
  1631 | D        | Noticed a spiny frog
  1636 | D        | Killed a spiny frog
  1644 | D        | Killed a spiny frog
  1646 | D        | Received a gift from Trog
  1646 | D        | Reached XP level 11. HP: 51/139 MP: 11/11
  1959 | D        | Reached skill level 20 in Maces & Flails
  2067 | D        | Noticed Rupert
  2073 | D        | Killed Rupert
  2073 | D        | Reached skill level 21 in Maces & Flails
  2100 | D        | Noticed a death yak
  2101 | D        | Noticed a death yak
  2110 | D        | Killed a death yak
  2111 | D        | Noticed a death yak
  2113 | D        | Noticed a death yak
  2115 | D        | Killed a death yak
  2115 | D        | Received a gift from Trog
  2115 | D        | Reached skill level 22 in Maces & Flails
  2115 | D        | Reached skill level 1 in Throwing
  2115 | D        | Reached skill level 5 in Stealth
  2123 | D        | Killed a death yak
  2125 | D        | Killed a death yak
  2140 | D        | Noticed an azure jelly
  2140 | D        | Noticed an azure jelly
  2142 | D        | Noticed an azure jelly
  2142 | D        | Noticed an azure jelly
  2314 | D        | Received a gift from Trog
  2505 | D        | Noticed Polyphemus
  2547 | D        | Noticed a dire elephant
  2547 | D        | Noticed a dire elephant
  2547 | D        | Noticed Gastronok
  2552 | D        | Killed a dire elephant
  2552 | D        | Reached skill level 23 in Maces & Flails
  2552 | D        | Reached XP level 12. HP: 148/155 MP: 12/12
  2554 | D        | Killed a dire elephant
  2564 | D        | Killed Gastronok
  2564 | D        | Received a gift from Trog
  3006 | D        | Killed Polyphemus
  3006 | D        | Reached skill level 24 in Maces & Flails
  3023 | D        | Noticed Ilsuiw
  3024 | D        | Found Bacynaa's Distillery.
  3041 | D        | Killed Ilsuiw
  3041 | D        | Received a gift from Trog
  3271 | D        | Found Xewnamor's Antique Weapon Boutique.
  3272 | D        | Found Cerir's Gadget Emporium.
  3273 | D        | Noticed a merfolk javelineer
  3290 | D        | Hit by a javelin of penetration thrown by a merfolk javelineer

Skill      XL: |  1  2  3  4  5  6  7  8  9 10 11 12 |
---------------+-------------------------------------+-----
Fighting       | 6 8 11 12 14 16 17 19 20 | 20.7
Maces & Flails | 6 8 9 12 13 16 17 19 23 24 | 24.5
Dodging        | 3 5 7 8 10 11 12 13 | 13.2
Stealth        | 1 2 4 5 |  5.7
Throwing       | 1 2 |  2.1

Action                   |  1- 3 |  4- 6 |  7- 9 | 10-12 || total
-------------------------+-------+-------+-------+-------++-------
Melee: Mace              |     7 |       |       |       ||     7
       Club              |    13 |    24 |    60 |       ||    97
       Flail             |       |       |    11 |       ||    11
       Giant club        |       |       |     7 |    43 ||    50
       Giant spiked club |       |       |       |    74 ||    74
Throw: Tomahawk          |       |       |       |     4 ||     4
Invok: Berserk           |     3 |     2 |     4 |     1 ||    10
       Burn Spellbooks   |       |     1 |       |       ||     1
       Trog's Hand       |       |       |     1 |     5 ||     6
       Brothers in Arms  |       |       |     1 |     8 ||     9
  Use: Potion            |     3 |       |       |     1 ||     4
       Scroll            |       |       |       |     3 ||     3
 Stab: Sleeping          |       |       |     2 |     1 ||     3
  Eat: Chunk             |       |     3 |     5 |     9 ||    17
       Royal jelly       |       |       |       |     2 ||     2
Armor: Animal skin       |     3 |     2 |     6 |     7 ||    18
Dodge: Dodged            |     5 |     6 |    26 |    76 ||   113
